Map: Neon Violet Square LE

Players

Zanster

  • Race: Zerg Zerg
  • Spawn Location: 5:00

Scarlett - Winner!

  • Race: Zerg Zerg
  • Spawn Location: 11:00

Event: IEM Season 12 - Katowice

VOD

Have the link to the VOD?

Description

Time

  • Played on: Feb. 26, 2018, 12:42 p.m.
  • Length: 11:11

All games in this series

Show
View Real Time Build Order
Export as new Build Order

Zanster Zerg 

Build Orders: Hatch First, Roach Nydus 

Get SALT Encoding   

  12  0:00  Drone  
  13  0:13  Overlord  
  13  0:18  Drone  
  14  0:31  Drone x2  
  14  0:35  Drone  
  17  0:53  Hatchery  
  17  0:56  Drone  
  17  0:58  Drone  
  18  1:12  Spawning Pool  
  18  1:15  Drone  
  18  1:18  Drone  
  19  1:29  Drone  
  20  1:41  Hatchery  
  20  1:44  Drone  
  20  1:52  Drone  
  21  2:02  Drone  
  21  2:05  Queen  
  21  2:07  Queen  
  26  2:13  Overlord  
  26  2:17  Drone  
  26  2:19  Zergling x2  
  28  2:31  Drone x2  
  28  2:34  Drone  
  31  2:37  Drone  
  31  2:42  Queen  
  31  2:43  Queen  
  36  2:47  Overlord  
  36  2:49  Extractor  
  36  2:50  Extractor  
  34  2:52  Drone  
  34  2:54  Drone  
  34  2:57  Drone  
  37  2:58  Drone  
  38  3:06  Overlord  
  38  3:07  Drone  
  38  3:11  Drone  
  38  3:12  Spine Crawler  
  39  3:14  Drone  
  39  3:16  Drone  
  39  3:17  Drone  
  39  3:19  Drone  
  43  3:21  Drone  
  43  3:26  Drone  
  45  3:27  Drone x2  
  45  3:29  Drone  
  45  3:33  Overlord  
  47  3:41  Evolution Chamber  
  47  3:43  Evolution Chamber  
  45  3:49  Roach Warren  
  45  3:50  Evolution Chamber  
  45  3:51  Drone x2  
  45  3:54  Drone  
  45  3:55  Drone  
  47  3:57  Drone  
  47  3:59  Drone  
  47  4:01  Drone  
  50  4:07  Drone  
  51  4:10  Zerg Missile Weapons Level 1  
  51  4:11  Drone x3  
  51  4:13  Drone  
  51  4:16  Overlord  
  55  4:21  Overlord  
  55  4:26  Extractor x2  
  55  4:28  Overlord  
  53  4:33  Roach x2  
  53  4:34  Overlord  
  57  4:39  Roach x3  
  57  4:42  Overlord  
  63  4:46  Lair  
  63  4:47  Drone  
  63  4:48  Drone  
  63  4:50  Drone  
  66  4:53  Drone x3  
  66  4:55  Drone  
  66  4:58  Drone x2  
  66  4:59  Drone  
  73  5:04  Drone x3  
  73  5:05  Drone  
  77  5:07  Extractor  
  77  5:08  Drone  
  77  5:12  Overlord  
  77  5:16  Zerg Ground Armor Level 1  
  77  5:21  Extractor  
  77  5:22  Overlord  
  77  5:26  Drone  
  77  5:28  Roach x3  
  83  5:29  Roach  
  83  5:31  Overlord  
  85  5:37  Roach x3  
  85  5:42  Roach x2  
  95  5:47  Nydus Network  
  94  5:50  Glial Reconstitution  
  94  5:53  Overlord  
  94  6:00  Roach x5  
  104  6:09  Zerg Missile Weapons Level 2  
  104  6:14  Overseer  
  104  6:17  Roach x3  
  110  6:23  Overlord  
  110  6:26  Roach x2  
  110  6:27  Roach x4  
  122  6:34  Overlord  
  122  6:35  Overlord  
  122  6:38  Nydus Canal  
  104  6:58  Roach  
  104  6:59  Roach x10  
  122  7:02  Roach x2  
  122  7:07  Roach x2  
  124  7:10  Roach  
  124  7:14  Roach x3  
  128  7:16  Roach  
  128  7:21  Roach  
  128  7:27  Roach x4  
  124  7:30  Roach  
  124  7:31  Roach  
  124  7:36  Roach x2  
  126  7:37  Roach  
  126  7:51  Hatchery  
  125  7:53  Drone  
  125  7:54  Drone  
  125  7:55  Drone  
  125  7:56  Spire  
  127  8:00  Ravager  
  127  8:01  Ravager  
  127  8:03  Roach x3  
  135  8:07  Roach  
  137  8:13  Roach x3  
  137  8:15  Overlord  
  137  8:18  Overlord  
  143  8:20  Overlord  
  143  8:32  Overlord  
  143  8:33  Queen  
  145  8:46  Drone x3  
  145  8:47  Drone x5  
  153  8:56  Ravager x2, Roach Warren  
  153  8:59  Ravager  
  153  9:00  Ravager  
  153  9:02  Roach  
  160  9:03  Roach x6  
  170  9:11  Mutalisk x3  
  170  9:14  Overlord x2  
  176  9:34  Mutalisk x6  
  178  9:52  Roach x8  
  175  9:58  Queen x2  
  135  10:03  Queen  
  135  10:05  Roach x5  
  136  10:23  Roach x4  
  144  10:29  Ravager x2  
  144  10:30  Ravager x3  
  144  10:31  Ravager  
  144  10:34  Hatchery  
  151  10:35  Roach  
  151  10:47  Roach x5  
Show
View Real Time Build Order
Export as new Build Order

Scarlett Zerg - Winner!

Build Orders: Hatch First 

Get SALT Encoding   

  12  0:00  Drone  
  13  0:13  Overlord  
  13  0:17  Drone  
  14  0:31  Drone x2  
  14  0:35  Drone  
  17  0:52  Hatchery  
  17  0:55  Drone  
  17  0:58  Drone  
  18  1:04  Extractor  
  17  1:14  Spawning Pool  
  17  1:17  Drone  
  17  1:20  Drone  
  18  1:29  Drone  
  19  1:39  Drone  
  20  1:50  Drone  
  21  1:55  Evolution Chamber  
  21  2:00  Queen  
  22  2:04  Queen  
  22  2:05  Drone x2  
  26  2:14  Drone  
  26  2:15  Drone  
  28  2:21  Overlord  
  28  2:26  Zerg Ground Armor Level 1  
  28  2:39  Queen  
  28  2:40  Drone x2  
  28  2:41  Drone  
  34  2:44  Zergling x2  
  34  2:50  Overlord  
  34  2:55  Drone  
  35  2:59  Drone  
  36  3:05  Metabolic Boost  
  36  3:07  Overlord  
  36  3:13  Drone x2  
  36  3:14  Overlord  
  36  3:16  Drone  
  39  3:23  Drone x2  
  39  3:26  Drone x3  
  44  3:40  Zergling x4  
  46  3:46  Hatchery  
  45  3:51  Zergling x2  
  45  3:52  Zergling x8  
  50  3:55  Extractor  
  50  3:56  Drone, Extractor  
  50  3:59  Drone x3  
  52  4:04  Lair  
  52  4:08  Roach Warren  
  51  4:12  Drone x2  
  53  4:18  Drone  
  53  4:20  Zerg Missile Weapons Level 1  
  53  4:23  Overlord  
  54  4:28  Drone x3  
  54  4:31  Overlord  
  57  4:36  Drone x3  
  60  4:40  Overlord  
  60  4:50  Drone x3  
  63  4:56  Drone x3, Overlord  
  68  5:00  Roach x2  
  68  5:02  Roach  
  68  5:06  Roach x2  
  76  5:12  Roach x2  
  76  5:13  Glial Reconstitution  
  80  5:17  Roach  
  80  5:20  Overseer  
  82  5:23  Roach x2  
  86  5:28  Extractor  
  86  5:30  Drone  
  86  5:31  Drone x2  
  86  5:32  Roach x3  
  94  5:37  Roach x2  
  94  5:39  Overlord  
  94  5:41  Overlord  
  98  5:44  Overlord  
  98  5:46  Overlord  
  98  5:49  Overlord  
  97  6:04  Drone  
  97  6:05  Drone x8  
  97  6:07  Overlord  
  97  6:08  Roach, Extractor  
  107  6:13  Roach x4  
  107  6:17  Zerg Missile Weapons Level 2  
  107  6:18  Drone  
  116  6:22  Roach x2  
  116  6:23  Roach  
  116  6:25  Roach  
  124  6:29  Roach x2  
  128  6:33  Ravager x2  
  128  6:34  Roach x2  
  128  6:35  Roach  
  128  6:36  Roach  
  128  6:39  Overlord  
  132  6:54  Roach  
  132  6:55  Roach x2  
  132  6:59  Overlord x3  
  132  7:01  Roach x4  
  145  7:02  Ravager  
  145  7:06  Roach x2  
  140  7:11  Roach x3  
  140  7:12  Roach, Overlord x2  
  142  7:25  Roach x6  
  142  7:29  Roach x2  
  153  7:30  Ravager x2  
  142  7:40  Roach  
  142  7:41  Roach x5  
  146  7:49  Drone x6  
  152  7:52  Extractor  
  151  7:58  Ravager  
  151  8:02  Hatchery  
  151  8:04  Overlord  
  151  8:05  Overlord  
  151  8:08  Roach  
  151  8:09  Roach x2  
  151  8:12  Roach x2  
  161  8:14  Overseer  
  161  8:22  Roach x4  
  161  8:24  Spine Crawler  
  168  8:27  Unknown x2  
  168  8:32  Zerg Ground Armor Level 2  
  168  8:35  Roach x7  
  168  8:36  Roach  
  168  8:38  Roach  
  186  8:42  Roach x2  
  186  8:46  Overlord  
  186  8:47  Roach  
  192  8:50  Ravager x2  
  192  8:52  Roach x2  
  192  8:54  Roach  
  200  9:34  Hydralisk Den  
  200  9:35  Infestation Pit  
  162  9:58  Roach x12  
  159  10:04  Hydralisk x3  
  138  10:10  Hydralisk  
  138  10:11  Hydralisk x2  
  138  10:13  Spore Crawler  
  138  10:14  Hydralisk  
  137  10:18  Spore Crawler  
  137  10:19  Hydralisk x2  
  137  10:20  Hydralisk  
  144  10:25  Hydralisk  
  146  10:31  Hydralisk x5  
  156  10:43  Roach x2  
  156  10:44  Roach x5  
  156  10:47  Roach  

Tags
 
Add a new tag
Caveats
  • Supply blocks, unpowered buildings, or Contaminate may cause inaccurate times.
  • Supply counts are checked every 10 seconds.